 Dungeon Crawl Stone Soup version 0.31-a0-1499-ge0622b2318 (webtiles) character file.

Game seed: 10490712152883081018

339794 grandjackal the Warrior (level 20, -6/178 HPs)
             Began as a Demonspawn Gladiator on Dec 29, 2023.
             Was the Champion of Okawaru.
             Mangled by a deep troll (10 damage)
             ... summoned by a boggart
             ... on level 1 of the Vaults on Dec 30, 2023.
             The game lasted 01:04:10 (46905 turns).

grandjackal the Warrior (Demonspawn Gladiator)     Turns: 46905, Time: 01:04:11

Health: -6/178     AC: 36    Str: 24    XL:     20   Next: 83%
Magic:  32/32      EV: 13    Int: 11    God:    Okawaru [******]
Gold:   1049       SH: 15    Dex: 15    Spells: 19/19 levels left

rFire   + . .        Y - +9 broad axe (vamp)
rCold   + . .        D - +2 kite shield
rNeg    + . .        E - +8 scale mail of Ixkoycyo {+Blink rPois Str+3 Int+3}
rPois   +            c - +2 helmet
rElec   .            C - +0 cloak
rCorr   +            (gloves unavailable)
SInv    .            l - +1 pair of boots "Nisousie" {Will+++ Str-3 Int-3 Slay+5}
Will    +++++        r - amulet of the Four Winds {rN+ Will+++ Clar} Stlth
                     z - ring of protection from cold
HPRegen 0.49/turn    u - ring "Vedorue" {rF+ rCorr Int+3}
MPRegen 0.23/turn

%: clarity
@: sanguine armoured, studying 3 skills
A: (demonic guardian 1), ignite blood 3, sanguine armour 3, demonic touch 3
}: 2/15 runes: barnacled, gossamer
a: Renounce Religion, Evoke Blink, Heroism, Finesse, Duel


You were on level 1 of the Vaults.
You worshipped Okawaru.
Okawaru was exalted by your worship.
You visited 8 branches of the dungeon, and saw 35 of its levels.
You also visited: Sewer, Ice Cave and Volcano.

You collected 4396 gold pieces.
You spent 3347 gold pieces at shops.

Inventory:

Hand Weapons
 Y - a +9 vampiric broad axe (weapon)
 Z - a +7 broad axe of flaming
Missiles
 d - 2 throwing nets (quivered)
 e - 24 javelins
 k - 14 silver javelins
Armour
 c - a +2 helmet (worn)
 l - the +1 pair of boots "Nisousie" (worn) {Will+++ Str-3 Int-3 Slay+5}
   (You bought it in a shop on level 2 of the Orcish Mines)

   Str-3:     It affects your strength (-3).
   Int-3:     It affects your intelligence (-3).
   Slay+5:    It affects your accuracy & damage with ranged weapons and melee
   (+5).
   Will+++:   It greatly increases your willpower.
 C - a +0 cloak (worn)
 D - a +2 kite shield (worn)
 E - the +8 scale mail of Ixkoycyo (worn) {+Blink rPois Str+3 Int+3}
   (Okawaru gifted it to you on level 1 of the Lair of Beasts)

   Str+3:     It affects your strength (+3).
   Int+3:     It affects your intelligence (+3).
   rPois:     It protects you from poison +Blink: It lets you blink.
Jewellery
 a - the amulet "Ceych" {rElec Regen+}
   (You acquired it on level 14 of the Dungeon)

   [amulet of regeneration]

   rElec:     It insulates you from electricity.
   Regen+:    It increases your rate of health regeneration.
 b - the ring "Ytafathro" {rF+ rN+ Str-5 Dex+6}
   (You took it off a deep elf elementalist on level 3 of the Elven Halls)

   [ring of dexterity]

   Str-5:     It affects your strength (-5).
   Dex+6:     It affects your dexterity (+6).
   rF+:       It protects you from fire.
   rN+:       It protects you from negative energy.
 q - a +4 ring of slaying
 r - the amulet of the Four Winds (around neck) {rN+ Will+++ Clar}
   (You bought it in a shop on level 2 of the Dungeon)

   [amulet of nothing]

   rN+:       It protects you from negative energy.
   Will+++:   It greatly increases your willpower.
   Clar:      It protects you from confusion, rage, mesmerisation and fear.
 s - the brooch of Shielding {Spirit SH+8}
   (You found it on level 5 of the Lair of Beasts)

   [amulet of guardian spirit]

   Spirit:    It causes incoming damage to be divided between your reserves of
   health and magic.
   SH+8:      It affects your SH (+8).
 u - the ring "Vedorue" (right hand) {rF+ rCorr Int+3}
   (You bought it in a shop on level 2 of the Elven Halls)

   [ring of protection from fire]

   Int+3:     It affects your intelligence (+3).
   rF+:       It protects you from fire.
   rCorr:     It protects you from acid and corrosion.
 z - a ring of protection from cold (left hand)
 A - a +6 ring of intelligence
 B - a ring of see invisible
 N - a ring of poison resistance
 U - a ring of protection from cold
Wands
 n - a wand of light (17)
 M - a wand of digging (26)
 Q - a wand of paralysis (6)
 R - a wand of flame (26)
Scrolls
 i - 4 scrolls of silence
 j - 15 scrolls of identify
 v - 4 scrolls of brand weapon
 w - 2 scrolls of torment
 x - 10 scrolls of teleportation
 y - 6 scrolls of enchant armour
 G - 4 scrolls of fear
 J - 7 scrolls of immolation
 L - 3 scrolls of fog
 P - a scroll of revelation
 V - 2 scrolls of vulnerability
 X - 5 scrolls of poison
Potions
 f - a potion of attraction
 g - 6 potions of might
 h - 5 potions of cancellation
 m - 3 potions of heal wounds
 o - 17 potions of curing
 p - 4 potions of ambrosia
 t - 9 potions of haste
 F - 7 potions of mutation
 H - 2 potions of lignification
 I - a potion of experience
 K - 4 potions of enlightenment
 O - 3 potions of resistance
 S - 2 potions of berserk rage
Miscellaneous
 W - a lightning rod (4/4)


   Skills:
 + Level 20.6 Fighting
 - Level 18.1 Axes
 + Level 7.5 Throwing
 - Level 10.7 Armour
 + Level 6.6 Dodging
 - Level 15.2 Shields
 - Level 17.0 Invocations


You had 19 spell levels left.
You didn't know any spells.
Your spell library contained the following spells:

 Spells                   Type           Power      Damage    Failure   Level
 Foxfire                  Conj/Fire      0%         2x1d4     71%         1
 Freeze                   Ice            0%         1d3       71%         1
 Sting                    Conj/Alch      0%         1d3       71%         1
 Blink                    Tloc           0%         N/A       85%         2
 Cigotuvi's Dreadful Rot  Necr/Alch/Air  0%         N/A       85%         2
 Lesser Beckoning         Tloc           0%         N/A       85%         2
 Mercury Vapours          Alch/Air       0%         N/A       85%         2
 Momentum Strike          Conj/Tloc      0%         3d8       85%         2
 Scorch                   Fire           0%         2d5       85%         2
 Sublimation of Blood     Necr           0%         N/A       85%         2
 Frozen Ramparts          Ice            0%         1d1       97%         3
 Gell's Gravitas          Tloc           0%         N/A       97%         3
 Inner Flame              Hex/Fire       0%         N/A       97%         3
 Ozocubu's Armour         Ice            0%         N/A       97%         3
 Teleport Other           Tloc           0%         N/A       97%         3
 Anguish                  Hex/Necr       0%         N/A       100%        4
 Cause Fear               Hex            0%         N/A       100%        4
 Dimensional Bullseye     Hex/Tloc       0%         N/A       100%        4
 Flame Wave               Conj/Fire      0%         2d4       100%        4
 Fulminant Prism          Conj/Alch      0%         3d5       100%        4
 Ignite Poison            Fire/Alch      0%         N/A       100%        4
 Iskenderun's Mystic Bla  Conj/Tloc      0%         2d3       100%        4
 Leda's Liquefaction      Alch/Erth      0%         N/A       100%        4
 Olgreb's Toxic Radiance  Alch           0%         N/A       100%        4
 Petrify                  Alch/Erth      0%         N/A       100%        4
 Sticky Flame             Fire/Alch      0%         2d4       100%        4
 Vhi's Electric Charge    Tloc/Air       0%         N/A       100%        4
 Alistair's Intoxication  Alch           0%         N/A       100%        5
 Arcjolt                  Conj/Air       0%         1d10      100%        5
 Borgnjor's Vile Clutch   Necr/Erth      0%         N/A       100%        5
 Fireball                 Conj/Fire      0%         3d3       100%        5
 Freezing Cloud           Conj/Ice/Air   0%         6-21      100%        5
 Irradiate                Conj/Alch      0%         3d11      100%        5
 Lee's Rapid Deconstruct  Erth           0%         3d4*      100%        5
 Metabolic Englaciation   Hex/Ice        0%         N/A       100%        5
 Silence                  Hex/Air        0%         N/A       100%        5
 Yara's Violent Unravell  Hex/Alch       0%         3d3       100%        5
 Bombard                  Conj/Erth      0%         9d1       100%        6
 Dispersal                Tloc           0%         N/A       100%        6
 Eringya's Noxious Bog    Alch           0%         4d6       100%        6
 Plasma Beam              Fire/Air       0%         2x1d10    100%        6
 Starburst                Conj/Fire      0%         6d3       100%        6
 Enfeeble                 Hex            0%         N/A       100%        7
 Ignition                 Fire           0%         3d3       100%        8
 Maxwell's Capacitive Co  Air            0%         ∞         100%        8
 Death's Door             Necr           0%         N/A       100%        9
 Fire Storm               Conj/Fire      0%         5d1       100%        9
 Call Imp                 Summ           Unusable   N/A       N/A         2
 Tukima's Dance           Hex            Unusable   N/A       N/A         3
 Sculpt Simulacrum        Ice/Alch       Unusable   N/A       N/A         6
 Summon Cactus Giant      Summ           Unusable   N/A       N/A         6
 Summon Hydra             Summ           Unusable   N/A       N/A         7
 Dragon's Call            Summ           Unusable   N/A       N/A         9

Dungeon Overview and Level Annotations

Branches:
Dungeon (15/15)            Temple (1/1) D:7            Lair (5/5) D:10
 Shoals (4/4) Lair:2       Spider (4/4) Lair:3        Slime (0/5) Lair:5
    Orc (2/2) D:11            Elf (3/3) Orc:2        Vaults (1/5) D:14
 Depths (0/4) D:15          Sewer (visited)           IceCv (visited)
Volcano (visited)

Altars:
Ashenzari
Cheibriados
Dithmenos
Fedhas
Gozag
Hepliaklqana
Kikubaaqudgha
Makhleb
Nemelex Xobeh
Okawaru
Qazlal
Ru
Sif Muna
Trog
Uskayaw
Vehumet
Wu Jian
Xom
Yredelemnul
Jiyva

Shops:
D:2 *   D:6 (   D:7 ([:?   Orc:2 ?![=   Elf:1 (   Elf:2 :=:   Elf:3 [
Shoals:2 !

Portals:
Abyss: Vaults:1
Trove: D:14 (give amulet of the Four Winds)

Annotations:
D:1 2 transporters
D:9 2 transporters, ShellytheWitch's ghost, journeyman KoBr
Lair:3 3 runed translucent doors, jasper's ghost, journeyman DrSh
Elf:2 3 runed translucent doors, Roxanne
Vaults:1 2 transporters


Innate Abilities, Weirdness & Mutations

((A weak demonic guardian rushes to your aid.))
Your demonic aura causes all spilled blood to erupt in flames.
When seriously injured, your blood forms very thick armour. (AC +12)
Your touch may irresistibly damage your foes and sap their willpower.


Message History

The ironbound preserver's corpse dissolves into shadows!
You hit the deep troll. You closely miss the arcanist.
You slice the deep troll!!
You kill the deep troll!
The deep troll's corpse dissolves into shadows!
You slash the war gargoyle! The deep troll closely misses you.
The deep troll claws you but does no damage. x2
The war gargoyle hits you but does no damage.
You hear some strange, mumbled words.
The arcanist closely misses you.
You slice the deep troll!!
The deep troll is moderately wounded.
You slash the war gargoyle!
You destroy the war gargoyle!
The war gargoyle dissolves into shadows!
You slash the deep troll! You slice the arcanist!! You slash the deep troll!
An ironbound thunderhulk opens the door.
The deep troll is engulfed in blazing flames.
You block the deep troll's attack.
The deep troll claws you but does no damage.
You block the deep troll's attack. x2; The deep troll claws you.
The deep troll barely misses you.
The deep troll bites you but does no damage.
The deep troll claws you.
The deep troll claws you but does no damage.
You hear some strange, mumbled words.
You slash the slime creature!
The slime creature is moderately wounded.
You closely miss the deep troll. You slice the deep troll!!
You kill the deep troll!
The deep troll's corpse dissolves into shadows!
You barely miss the arcanist. You slash the deep troll!
You block the arcanist's attack.
Electricity crackles from the ironbound thunderhulk's apparatus.
The bolt of lightning hits you!!!
* * * LOW HITPOINT WARNING * * *
You block the deep troll's attack.
The deep troll claws you but does no damage.
The deep troll claws you!
You die... #.##.##.#.........# #.......#.........# #########.........# #######'### ### ##### #.... .... g99g

#....
....J###{p#
#.... ....OJ.JT#
#.... #p@# #[...
#T## #.... ###
#u# #.... ..#
#.## #.... ..#
#..## #.... ..#
#...## #.... ..#
###..###..#
#.... ..#
#.......# #....
..#
#######'########
#....


You could see an ironbound thunderhulk, a cyan ugly thing (summoned), 3 slime
creatures, 2 deep trolls, a war gargoyle (summoned, strong), an ironbound
convoker (summoned), a peacekeeper (summoned), an arcanist (summoned) and 2
boggarts.

Vanquished Creatures
  Nikola (Shoals:1)
  A tentacled monstrosity (Vaults:1)
  Mlioglotl (Spider:1)
  2 deep elf master archers (Elf:3)
  A kraken (Shoals:2)
  2 deep elf blademasters (Elf:3)
  The ghost of Feshunla the Bewitcher, an adept KoEn of Dithmenos (Vaults:1)
  Polyphemus (Shoals:4)
  Kirke (D:13)
  An orc warlord (Vaults:1)
  7 emperor scorpions
  A frost giant (IceCv)
  8 ghost moths
  11 deep elf sorcerers
  4 deep elf elementalists (Elf:3)
  A formless jellyfish (Vaults:1)
  A broodmother (Spider:4)
  4 ironbound thunderhulks
  A cacodemon (Vaults:1)
  A stone giant (D:15)
  A very ugly thing (Vaults:1)
  2 ironbound preservers (Vaults:1)
  A deep elf death mage (Elf:3)
  3 deep elf annihilators (Elf:3)
  5 deep elf demonologists (Elf:3)
  Azrael (Elf:2)
  2 spark wasps
  6 dire elephants (Vaults:1)
  4 merfolk javelineers (Shoals:4)
  9 merfolk impalers
  A crystal guardian (Vaults:1)
  3 deep elf high priests (Elf:3)
  A great orb of eyes (Vaults:1)
  A yaktaur captain (Vaults:1)
  An entropy weaver (Spider:3)
  Josephine (D:13)
  A rakshasa (Vaults:1)
  2 hydras
  2 ice dragons (Lair:5)
  7 centaur warriors
  7 merfolk avatars
  6 merfolk aquamancers
  An alligator snapping turtle (Shoals:2)
  3 catoblepae
  A jorogumo (Spider:3)
  14 dancing weapons
  4 radroaches
  4 ogre magi
  11 two-headed ogres
  A death scarab (Spider:1)
  12 death yaks
  10 boulder beetles
  4 tengu warriors
  7 demonic crawlers
  An orc high priest (Orc:1)
  A shock serpent (shapeshifter) (Elf:3)
  Amaemon (Lair:1)
  Nergalle (Orc:2)
  A hell knight (Volcano)
  Sonja (D:10)
  13 deep elf knights
  2 skeletal warriors (D:11)
  4 skysharks
  12 sea snakes
  8 orb spiders
  8 pharaoh ants
  A swamp dragon (Lair:5)
  An obsidian statue (Volcano)
  24 deep elf archers
  2 ironbound convokers (Vaults:1)
  8 steelbarb worms
  A sun moth (Spider:2)
  37 deep elf zephyrmancers
  6 lindwurms
  2 orc knights (Orc:1)
  38 deep elf pyromancers
  4 fauns
  23 manticores
  30 harpies
  8 orc sorcerers
  19 wolf spiders
  Maurice (D:10)
  A moth of wrath (shapeshifter) (Elf:3)
  9 cyclopes
  8 black mambas
  10 ugly things
  A worldbinder (Vaults:1)
  6 elephants (Lair:3)
  An elephant (shapeshifter) (Elf:3)
  A meliai (shapeshifter) (Elf:3)
  7 meliai
  4 kobold blastminers
  An ice statue (IceCv)
  8 moths of wrath
  8 merfolk sirens
  5 water nymphs
  3 gargoyles
  A vault sentinel (Vaults:1)
  A smoke demon (Volcano)
  8 torpor snails
  An orange demon (Lair:1)
  9 cane toads
  A kobold demonologist (D:11)
  An unseen horror (shapeshifter) (Elf:2)
  13 rime drakes
  2 large abominations (Vaults:1)
  An efreet (D:11)
  12 komodo dragons
  6 yaktaurs (Vaults:1)
  4 tyrant leeches (Lair:5)
  10 polar bears
  38 merfolk
  A troll (shapeshifter) (Elf:3)
  23 tarantellas
  6 hornets (Lair:5)
  15 trolls
  8 blink frogs
  7 wind drakes
  A raiju (shapeshifter) (D:14)
  13 snapping turtles
  21 slime creatures
  23 jumping spiders
  3 air elementals
  16 culicivoras
  3 shadows
  7 wraiths
  2 vampires
  15 water elementals
  5 wyverns
  34 yaks
  A fire bat (shapeshifter) (Vaults:1)
  8 fire elementals
  4 fire bats (Volcano)
  3 basilisks
  2 hogs (D:13)
  A yak (shapeshifter) (Elf:3)
  5 humans
  Grum (D:8)
  3 steam dragons
  4 wargs
  52 redbacks
  10 vampire mosquitoes
  4 acid dragons
  10 water moccasins
  5 hell hounds
  A swamp drake (Lair:5)
  A sky beast (D:8)
  4 ice beasts
  21 orc warriors
  2 crocodiles (Sewer)
  3 black bears
  13 ogres
  29 wolves
  5 centaurs
  2 phantoms
  A kobold brigand (D:11)
  8 bullfrogs
  3 gnoll sergeants
  4 earth elementals
  2 scorpions
  11 wights
  17 killer bees
  5 vampire bats (D:13)
  4 electric eels
  6 howler monkeys
  3 lava snakes (Volcano)
  14 orc priests
  2 hounds
  Crazy Yiuf (D:4)
  A gnoll bouda (D:8)
  9 iguanas
  A sleepcap (D:5)
  Ijyb (D:4)
  28 orc wizards
  A sickly merfolk siren (Sewer)
  A malarious merfolk avatar (Sewer)
  2 boggart simulacra
  15 gnolls
  8 adders
  6 ribbon worms
  A river rat (Sewer)
  A shadow imp (D:7)
  4 white imps
  An ufetubus (D:13)
  2 dart slugs
  51 orcs
  4 ball pythons
  8 bats
  4 endoplasms
  5 giant cockroaches
  2 goblins
  7 hobgoblins
  9 kobolds
  7 quokkas
  8 frilled lizards
  45 rats
  A butterfly (Lair:1)
  A lurking horror (Vaults:1)
  3 tentacles (Shoals:2)
1344 creatures vanquished.

Vanquished Creatures (others)
  A deep elf annihilator (Elf:3)
  A centaur warrior (Shoals:1)
  A deep elf knight (Elf:2)
  2 deep elf zephyrmancers
  A merfolk siren (Shoals:1)
  A jumping spider (Spider:4)
  2 water elementals
  A redback (Spider:4)
  An orc wizard (Orc:2)
  A white imp (D:13)
  2 kobolds (D:11)
  8 tentacles (Shoals:2)
22 creatures vanquished.

Grand Total: 1366 creatures vanquished

Notes
Turn   | Place    | Note
-------+----------+-------------------------------------------
     0 | D:1      | grandjackal the Demonspawn Gladiator began the quest for
                  | the Orb.
     0 | D:1      | Reached XP level 1. HP: 16/16 MP: 1/1
   307 | D:1      | Gained mutation: Your demonic aura sometimes causes spilled
                  | blood to erupt in flames. [demonic ancestry]
   307 | D:1      | Reached XP level 2. HP: 22/22 MP: 2/2
   361 | D:1      | Got the Discursus on Maleficent Magicks and Anthracomancy
   994 | D:2      | Found a faded altar of an unknown god.
  1011 | D:2      | Reached XP level 3. HP: 24/28 MP: 3/3
  1150 | D:2      | Found Farphos's Assorted Antiques.
  1750 | D:3      | Reached skill level 3 in Fighting
  2169 | D:3      | Gained mutation: When seriously injured, your blood forms
                  | armour. (AC +12) [demonic ancestry]
  2169 | D:3      | Reached XP level 4. HP: 33/35 MP: 4/4
  2301 | D:4      | Found a blossoming altar of Fedhas.
  2525 | D:3      | Gained mutation: When seriously injured, your blood forms
                  | thick armour. (AC +12) [demonic ancestry]
  2525 | D:3      | Reached XP level 5. HP: 33/42 MP: 5/5
  2727 | D:4      | Noticed Ijyb
  2736 | D:4      | Killed Ijyb
  2737 | D:4      | Reached skill level 4 in Fighting
  2917 | D:4      | Found a runed translucent door.
  2918 | D:4      | Noticed Crazy Yiuf
  2979 | D:4      | Found a basalt altar of Yredelemnul.
  3223 | D:4      | Noticed an ogre
  3227 | D:4      | Killed an ogre
  3228 | D:4      | Reached skill level 1 in Shields
  3334 | D:4      | Reached XP level 6. HP: 48/48 MP: 6/6
  3451 | D:4      | Killed Crazy Yiuf
  3510 | D:5      | Entered Level 5 of the Dungeon
  4219 | D:5      | Reached XP level 7. HP: 55/55 MP: 7/7
  4332 | D:5      | Reached skill level 5 in Fighting
  4332 | D:5      | Reached skill level 5 in Axes
  4497 | D:5      | Noticed a troll
  4508 | D:5      | Killed a troll
  5165 | D:6      | Gained mutation: Your demonic aura often causes spilled
                  | blood to erupt in flames. [demonic ancestry]
  5165 | D:6      | Reached XP level 8. HP: 47/64 MP: 8/8
  5195 | D:6      | Found a glowing drain.
  5221 | Sewer    | Entered a sewer
  5391 | Sewer    | Reached skill level 6 in Fighting
  5461 | Sewer    | Reached skill level 5 in Shields
  5828 | D:6      | Found Ygekah's Antique Weapon Shoppe.
  6306 | D:6      | Found a radiant altar of Vehumet.
  6306 | D:6      | Identified the +3 leather armour "Seumoite" {-Cast rPois
                  | rN+++ Int-5}
  6621 | D:6      | Noticed a moth of wrath
  6624 | D:6      | Found a bloodstained altar of Trog.
  6813 | D:7      | Reached skill level 7 in Fighting
  6813 | D:7      | Reached XP level 9. HP: 63/69 MP: 9/9
  6843 | D:7      | Got Okhanaro's Secrets of Ensnaring Voltage
  7046 | D:7      | Found a staircase to the Ecumenical Temple.
  7065 | Temple   | Entered the Ecumenical Temple
  7077 | Temple   | Became a worshipper of Warmaster Okawaru
  7102 | D:7      | Found Giaros's Armour Emporium.
  7135 | D:7      | Found Suadum's Weapon Shoppe.
  7242 | D:7      | Found Naqaz's Book Shop.
  7433 | D:7      | Found a sparkling altar of Nemelex Xobeh.
  7517 | D:7      | Found Repteg's Magic Scroll Boutique.
  7622 | D:8      | Noticed Grum
  7633 | D:7      | Reached skill level 1 in Invocations
  7747 | D:8      | Killed Grum
  8032 | D:8      | Reached * piety under Okawaru
  8527 | D:9      | Found a hide-covered altar of Uskayaw.
  8556 | D:9      | Reached skill level 8 in Fighting
  8771 | D:9      | Noticed a troll
  8788 | D:9      | Killed a troll
  9074 | D:9      | Noticed a troll
  9085 | D:9      | Killed a troll
  9086 | D:9      | Gained mutation: Your touch may inflict minor irresistible
                  | damage on your foes. [demonic ancestry]
  9086 | D:9      | Reached XP level 10. HP: 71/80 MP: 13/13
  9110 | D:9      | Reached skill level 5 in Invocations
  9205 | D:9      | Identified the +0 leather armour of Entitlement {rC+ MP+9
                  | Str+2}
  9212 | D:9      | Found an opulent altar of Gozag.
  9276 | D:9      | Reached ** piety under Okawaru
  9519 | D:9      | Found a shadowy altar of Dithmenos.
  9552 | D:9      | Noticed a two-headed ogre
  9552 | D:9      | Noticed a two-headed ogre
  9554 | D:9      | Noticed a two-headed ogre
  9555 | D:9      | Noticed ShellytheWitch's ghost (journeyman KoBr)
  9556 | D:9      | Found a transporter.
  9556 | D:9      | Noticed a two-headed ogre
  9558 | D:9      | Noticed a two-headed ogre
  9567 | D:9      | Found a transporter.
  9923 | D:10     | Entered Level 10 of the Dungeon
 10007 | D:10     | Found a burning altar of Makhleb.
 10013 | D:10     | Noticed a balrug
 10013 | D:10     | Noticed an angel
 10125 | D:10     | Noticed Maurice
 10129 | D:10     | Maurice stole a +2 kite shield
 10130 | D:10     | Maurice stole an amulet of reflection
 10135 | D:10     | Maurice stole a +0 war axe
 10138 | D:10     | Killed Maurice
 10242 | D:10     | Noticed Sonja
 10244 | D:10     | Killed Sonja
 10244 | D:10     | Found a shimmering altar of Xom.
 10275 | D:10     | Found a staircase to the Lair.
 10294 | D:10     | Reached skill level 9 in Fighting
 10316 | D:10     | Reached *** piety under Okawaru
 11278 | D:11     | Noticed a manticore
 11293 | D:11     | Killed a manticore
 11294 | D:11     | Gained mutation: A weak demonic guardian rushes to your
                  | aid. [demonic ancestry]
 11294 | D:11     | Reached XP level 11. HP: 58/89 MP: 14/16
 11435 | D:11     | Noticed a two-headed ogre
 11445 | D:11     | Killed a two-headed ogre
 11445 | D:11     | Reached **** piety under Okawaru
 11549 | D:11     | Found a staircase to the Orcish Mines.
 11575 | D:11     | Noticed a two-headed ogre
 11584 | D:11     | Killed a two-headed ogre
 11700 | D:11     | Noticed a two-headed ogre
 11701 | D:11     | Noticed a skeletal warrior
 11715 | D:11     | Noticed a centaur warrior
 11716 | D:11     | Noticed a skeletal warrior
 11718 | D:11     | Noticed a brown ugly thing
 12069 | D:11     | Reached skill level 10 in Fighting
 12807 | D:11     | Killed a centaur warrior
 12915 | D:11     | Noticed a green ugly thing
 12949 | D:11     | Killed a green ugly thing
 12952 | D:11     | Killed a purple ugly thing
 13183 | D:11     | Reached ***** piety under Okawaru
 13371 | D:11     | Noticed a boulder beetle
 13387 | D:11     | Killed a boulder beetle
 13388 | D:11     | Reached skill level 10 in Invocations
 13464 | D:11     | Killed a skeletal warrior
 13465 | D:11     | Reached skill level 10 in Axes
 13513 | D:11     | Gained mutation: Your touch may inflict irresistible damage
                  | on your foes. [demonic ancestry]
 13513 | D:11     | Reached XP level 12. HP: 74/99 MP: 19/19
 13842 | D:11     | Noticed a seven-headed hydra
 13856 | D:11     | Killed a seven-headed hydra
 14068 | D:11     | Reached skill level 11 in Fighting
 14445 | D:12     | Noticed a two-headed ogre
 14458 | D:12     | Killed a two-headed ogre
 14846 | D:12     | Reached skill level 10 in Shields
 14907 | D:12     | Noticed a two-headed ogre
 14917 | D:12     | Killed a two-headed ogre
 15321 | D:12     | Noticed a two-headed ogre
 15327 | D:12     | Killed a two-headed ogre
 15716 | D:12     | Received a gift from Okawaru
 15825 | D:12     | Noticed a boulder beetle
 15855 | D:12     | Killed a boulder beetle
 16139 | D:11     | Noticed a centaur warrior
 16145 | D:11     | Killed a centaur warrior
 16219 | D:11     | Killed a two-headed ogre
 16360 | Orc:1    | Entered Level 1 of the Orcish Mines
 16364 | Orc:1    | Noticed an orc high priest
 16369 | Orc:1    | Killed an orc high priest
 16612 | Orc:2    | Entered Level 2 of the Orcish Mines
 16839 | Orc:2    | Found a staircase to the Elven Halls.
 16983 | Orc:1    | Reached XP level 13. HP: 44/107 MP: 22/22
 17371 | Orc:1    | Reached skill level 12 in Fighting
 17986 | Orc:2    | Received a gift from Okawaru
 18881 | Orc:2    | Found Dojuwes's Magic Scroll Shoppe.
 18904 | Orc:2    | Found an ancient bone altar of Kikubaaqudgha.
 18904 | Orc:2    | Noticed Nergalle
 18920 | Orc:2    | Killed Nergalle
 19131 | Orc:2    | Found Gumuil's Antique Armour Emporium.
 19180 | Orc:2    | Found Texaqe's Jewellery Shoppe.
 19319 | Orc:2    | Found a radiant altar of Vehumet.
 19377 | Orc:2    | Found Kasoem's Distillery.
 19705 | Lair:1   | Entered Level 1 of the Lair of Beasts
 19743 | Lair:1   | Reached ****** piety under Okawaru
 19743 | Lair:1   | Received a gift from Okawaru
 19799 | Lair:1   | Acquired a +5 vampiric broad axe
 19799 | Lair:1   | Received a gift from Okawaru
 20022 | Lair:1   | Found a dark tunnel.
 20034 | Volcano  | Entered a volcano
 20373 | Volcano  | Found a bloodstained altar of Trog.
 20404 | Volcano  | Reached skill level 13 in Fighting
 20563 | Volcano  | Found a burning altar of Makhleb.
 20663 | Lair:1   | Noticed Amaemon
 20671 | Lair:1   | Received a gift from Okawaru
 20682 | Lair:1   | Killed Amaemon
 20807 | Lair:1   | Acquired the +8 scale mail of Ixkoycyo {+Blink rPois Str+3
                  | Int+3}
 20807 | Lair:1   | Received a gift from Okawaru
 20985 | Lair:1   | Gained mutation: Your touch may irresistibly damage your
                  | foes and sap their willpower. [demonic ancestry]
 20985 | Lair:1   | Reached XP level 14. HP: 118/118 MP: 24/24
 21378 | Lair:2   | Found a staircase to the Shoals.
 21902 | Lair:2   | Identified the +9 spear "Bodo" {flame, rN++ Dex-3}
 22221 | D:2      | Bought the amulet of the Four Winds {rN+ Will+++ Clar} for
                  | 1638 gold pieces
 22221 | D:2      | Found the amulet of the Four Winds {rN+ Will+++ Clar}
 22438 | Lair:3   | Found a hole to the Spider Nest.
 22671 | Lair:3   | Received a gift from Okawaru
 22857 | Lair:3   | Found a runed translucent gate.
 22859 | Lair:3   | Found a runed translucent gate.
 22864 | Lair:3   | Found a runed translucent gate.
 22873 | Lair:3   | Noticed jasper's ghost (journeyman DrSh)
 23101 | Lair:3   | Found a viscous altar of Jiyva.
 23289 | Lair:4   | You are sucked into a shaft and drop 1 floor!
 23289 | Lair:5   | Entered Level 5 of the Lair of Beasts
 23376 | Lair:5   | Received a gift from Okawaru
 23382 | Lair:5   | Reached skill level 15 in Invocations
 23459 | Lair:5   | Got an earthy gem with 879 turns to spare
 23942 | Lair:5   | Found an opulent altar of Gozag.
 23964 | Lair:5   | Found the brooch of Shielding {Spirit SH+8}
 24077 | Lair:5   | Identified the +6 quarterstaff of Execution {freeze, MP+9
                  | Str+2}
 24096 | Lair:5   | Reached skill level 14 in Fighting
 24317 | Lair:5   | Lost the earthy gem through the power of Zot.Gained a life
                  | (3 lives remaining)
 24545 | Lair:5   | Received a gift from Okawaru
 24788 | Lair:5   | Found a viscous altar of Jiyva.
 24788 | Lair:5   | Found a staircase to the Slime Pits.
 25303 | D:13     | Found a frozen archway.
 25316 | IceCv    | Entered an ice cave
 25323 | IceCv    | Reached XP level 15. HP: 126/126 MP: 26/26
 25597 | IceCv    | Received a gift from Okawaru
 25622 | IceCv    | Noticed a frost giant
 25635 | IceCv    | Killed a frost giant
 25803 | D:13     | Noticed Josephine
 25813 | D:13     | Killed Josephine
 26045 | D:13     | Noticed Kirke
 26063 | D:13     | Killed Kirke
 26673 | D:14     | Identified the +0 leather armour of the Sandy God {Rampage
                  | Fly Str-3}
 26758 | D:14     | Received a gift from Okawaru
 26773 | D:14     | Identified a scroll of acquirement
 26774 | D:14     | Acquired the amulet "Ceych" {rElec Regen+}
 26811 | D:14     | Found a portal to a secret trove of treasure.
 26993 | D:14     | Found a gate to the Vaults.
 27491 | D:15     | Entered Level 15 of the Dungeon
 27680 | D:15     | Found a staircase to the Depths.
 27684 | D:15     | Received a gift from Okawaru
 27685 | D:15     | Reached skill level 15 in Fighting
 28215 | Orc:2    | Bought a potion of experience for 800 gold pieces
 28215 | Orc:2    | Gained mutation: When seriously injured, your blood forms
                  | very thick armour. (AC +12) [demonic ancestry]
 28215 | Orc:2    | Reached XP level 16. HP: 136/136 MP: 28/28
 28240 | Orc:2    | Bought a pair of distressingly furry boots for 199 gold
                  | pieces
 28240 | Orc:2    | Identified the +1 pair of boots "Nisousie" {Will+++ Str-3
                  | Int-3 Slay+5} (You bought it in a shop on level 2 of the
                  | Orcish Mines)
 28460 | Spider:1 | Entered Level 1 of the Spider Nest
 28470 | Spider:1 | Noticed Mlioglotl
 28625 | Spider:1 | Killed Mlioglotl
 28933 | Spider:1 | Gained mutation: Your demonic aura causes all spilled blood
                  | to erupt in flames. [demonic ancestry]
 28933 | Spider:1 | Reached XP level 17. HP: 142/142 MP: 29/29
 29443 | Spider:1 | Received a gift from Okawaru
 30347 | Spider:2 | Reached skill level 15 in Axes
 30457 | Spider:2 | Received a gift from Okawaru
 31079 | Spider:3 | Reached skill level 16 in Fighting
 31214 | Spider:3 | Reached skill level 15 in Shields
 31755 | Spider:3 | Received a gift from Okawaru
 32318 | Spider:4 | Entered Level 4 of the Spider Nest
 32526 | Spider:4 | Reached skill level 1 in Armour
 32593 | Spider:4 | Received a gift from Okawaru
 32852 | Spider:4 | HP: 7/141 [meliai/divine providence (12)]
 33519 | Spider:4 | Reached XP level 18. HP: 153/153 MP: 30/30
 33700 | Spider:4 | Reached skill level 17 in Fighting
 34403 | Spider:4 | Received a gift from Okawaru
 34817 | Spider:4 | Got a gossamer rune of Zot
 35081 | Shoals:1 | Entered Level 1 of the Shoals
 35183 | Shoals:1 | Noticed Nikola
 35218 | Shoals:1 | Reached skill level 5 in Armour
 35232 | Shoals:1 | Killed Nikola
 35970 | Shoals:2 | Found Jaseli's Distillery.
 36058 | Shoals:2 | Bought a potion of haste for 140 gold pieces
 36872 | Shoals:2 | Identified the +9 rapier "Vuuv" {venom, rN++}
 37661 | Shoals:3 | Received a gift from Okawaru
 37907 | Shoals:3 | Reached skill level 18 in Fighting
 38561 | Shoals:4 | Entered Level 4 of the Shoals
 39060 | Shoals:4 | Identified the staff "Meinaorr" {rN+ rCorr Earth}
 39084 | Shoals:4 | Received a gift from Okawaru
 39185 | Shoals:4 | Reached XP level 19. HP: 134/164 MP: 31/31
 39194 | Shoals:4 | Noticed Polyphemus
 39594 | Shoals:4 | Identified the granite talisman "Gacyosk" {Will+}
 40234 | Shoals:4 | Got a barnacled rune of Zot
 40315 | Shoals:4 | Killed Polyphemus
 40562 | Elf:1    | Entered Level 1 of the Elven Halls
 40657 | Elf:1    | Received a gift from Okawaru
 40934 | Elf:1    | Paralysed by an air elemental for 1 turns
 41183 | Elf:1    | Reached skill level 19 in Fighting
 41220 | Elf:1    | Received a gift from Okawaru
 41239 | Elf:1    | Found Uduas's Weapon Emporium.
 42491 | Elf:2    | Received a gift from Okawaru
 42496 | Elf:2    | Reached skill level 10 in Armour
 42685 | Elf:2    | Found Vaitwudi's Book Shoppe.
 42685 | Elf:2    | Found Gimangy's Jewellery Boutique.
 42686 | Elf:2    | Found Untueg's Book Shoppe.
 42694 | Elf:2    | Bought the ring "Vedorue" {rF+ rCorr Int+3} for 570 gold
                  | pieces
 42926 | Elf:2    | Paralysed by an air elemental for 1 turns
 42960 | Elf:2    | Noticed Azrael
 42975 | Elf:2    | Killed Azrael
 43000 | Elf:2    | Noticed Roxanne
 43142 | Elf:2    | Reached XP level 20. HP: 175/175 MP: 32/32
 43142 | Elf:2    | Received a gift from Okawaru
 43143 | Elf:2    | Identified the +4 sling of Ocoa {heavy, rN+ Int+5}
 43450 | Elf:2    | Found a runed translucent gate.
 43451 | Elf:2    | Found a runed translucent gate.
 43451 | Elf:2    | Found a runed translucent gate.
 43615 | Elf:3    | Entered Level 3 of the Elven Halls
 43888 | Elf:3    | Found Vesm's Antique Armour Shop.
 43895 | Elf:3    | Paralysed by an air elemental for 1 turns
 44360 | Elf:3    | Reached skill level 5 in Throwing
 44380 | Elf:3    | Got the Omnibus of Argyropoeia
 44511 | Elf:3    | Received a gift from Okawaru
 44518 | Elf:3    | Reached skill level 20 in Fighting
 44903 | Elf:3    | Identified the +2 morningstar "Yfiel" {flame, *Corrode Fly
                  | Int+3}
 44916 | Elf:3    | Identified the ring "Ytafathro" {rF+ rN+ Str-5 Dex+6}
 44917 | Elf:3    | Reached skill level 5 in Dodging
 45079 | Elf:3    | Got the Omnibus of the Earth
 45082 | Elf:3    | Identified the ring "Bacinguph" {Str+6 Int+4}
 45143 | Elf:3    | Identified the +0 scale mail of Zin's Regard {rElec Str-2
                  | Dex+3 SInv}
 45145 | Elf:3    | Identified the +7 shortbow "Ubitz" {drain, rC- rN+ Int+3}
 45153 | Elf:3    | Identified the +0 scale mail of Nutesh {Str+3 Int+4}
 45179 | Elf:3    | Identified the +3 quarterstaff of Sypluoca {holy, rElec}
 45181 | Elf:3    | Identified the +0 quarterstaff "Mocwuen" {protect, *Corrode
                  | rPois rN+}
 45199 | Elf:3    | Got Ighil's Grimoire of Mercurial Ice
 45229 | Elf:3    | Identified the staff "Fizestre" {rPois rF+ Dex+3 Alchemy}
 45276 | Elf:3    | Identified the +2 trident of Bodily Humours {speed, Int+3
                  | Dex+2}
 45311 | Elf:3    | Identified the +2 leather armour of the Barnacle {rElec rN+
                  | Will+}
 45642 | Vaults:1 | Entered Level 1 of the Vaults
 45740 | Vaults:1 | Received a gift from Okawaru
 46480 | Vaults:1 | Found a transporter.
 46502 | Vaults:1 | Found a one-way gate to the infinite horrors of the Abyss.
 46502 | Vaults:1 | Noticed Feshunla's ghost (adept KoEn)
 46520 | Vaults:1 | Killed Feshunla's ghost
 46521 | Vaults:1 | Received a gift from Okawaru
 46543 | Vaults:1 | Found a transporter.
 46905 | Vaults:1 | HP: 4/178 [ironbound thunderhulk/bolt of lightning (58)]
 46905 | Vaults:1 | Mangled by a deep troll

Illustrated notes

Levels and vault maps discovered:
D:1:      spicycebolla_arrival_transporter_tutorial, layout_basic,
          minmay_hexomino_p4
D:2:      layout_loops_ring, serial_shops, shop,
          shapermc_ecumenical_altar_mp_urbaneastern, grunt_ministairs_1
D:3:      layout_basic
D:4:      layout_basic, lemuel_doored_altar, nicolae_overflow_crystal_walls,
          kennysheep_small_circle, uniq_crazy_yiuf_cottage, uniq_ijyb
D:5:      layout_loops_cross, wad_woods_river_04
D:6:      layout_cave_pools, tgw_trog, mainiacjoe_overflow_six_doors_small,
          serial_shops, nicolae_shop_statue_plus, cheibrodos_sewer_entry_bend
D:7:      layout_basic, nemelex_spade_bored_becter,
          minmay_temple_entry_overgrown, serial_shops,
          nicolae_shop_gibbet_a_chance, nicolae_shop_trees,
          nicolae_shop_advertising_works [nicolae_subvault_shop_adworks], shop
D:8:      layout_rooms, minivault_24, uniq_grum
D:9:      layout_basic, old_standard_altar, mainiacjoe_overflow_boulevard,
          grunt_dithmenos_smoke, gammafunk_ghost_smash
D:10:     layout_basic, grunt_temple_overflow_order_and_chaos_2,
          mainiacjoe_overflow_paths, mainiacjoe_overflow_small_starburst,
          erik_lair_orcish_takeover, uniq_sonja, uniq_maurice
D:11:     hangedman_cross_stitches, layout_basic, david_orc_2,
          minmay_the_grid_2x2 [minmay_the_grid_small_cups,
          minmay_the_grid_diamond_grid, minmay_the_grid_broken_lines,
          minmay_the_grid_prize_trominoes]
D:12:     layout_basic
D:13:     layout_irregular_city, serial_ice, serial_ice_m, serial_ice_e,
          serial_ice_i, serial_ice_h, serial_ice_f, serial_ice_c, serial_ice_a,
          serial_ice_b, portal_ice_cave_rime, serial_park_tiny_pond,
          roderic_batcave, minmay_crystal_water, chequers_serial_rivers_marsh,
          uniq_josephine, uniq_kirke
D:14:     layout_roguey, hellmonk_vaults_keyhole, minmay_misc_feat_columns,
          enter_trove_3, minmay_door_square, minivault_21,
          kennysheep_generic_room_12
D:15:     grunt_enter_depths_snipers, layout_rooms
Temple:   hellmonk_temple_rainy
Lair:1:   layout_small_grid, lightli_volcano_entry_magma_tube,
          gammafunk_lair_bear_cave, lemuel_fruit_fields, uniq_amaemon
Lair:2:   layout_gridlike, elwin_shoals_entry_rocks, st_stairs_5
Lair:3:   layout_roguey, hellmonk_spider_entry_not_the_bees,
          gammafunk_ghost_ooze, nicolae_quartered_pool_medium,
          infiniplex_staircase_pool
Lair:4:   layout_long_grid
Lair:5:   wormcave, layout_regular_city, guppyfry_lair_end_dragon,
          dpeg_slime_entry_enclosed, basic_altar, nicolae_lair_yak_garden
Shoals:1: layout_shoals, uniq_nikola
Shoals:2: cheibrodos_shoals_roost, layout_shoals, serial_shops, shop
Shoals:3: layout_shoals
Shoals:4: shoals_end_simple, layout_shoals, uniq_polyphemus
Spider:1: layout_chambers, uniq_mlioglotl
Spider:2: layout_cave_pods, nicolae_spider_webbed_stairs
Spider:3: layout_cave_pods
Spider:4: grunt_spider_rune_circles, drop_trap
Orc:1:    layout_caves
Orc:2:    kennysheep_orc_mage_school, layout_diamond_mine, special_room
Elf:1:    eino_elf_arrival_sip, layout_gridlike, serial_co_window_serial,
          co_window_of_opportunity_a, co_window_corner_a, co_window_paths_b,
          co_window_paths_b, co_window_corner_a, co_window_broadway_a,
          co_window_corner_b, co_window_of_opportunity_b, co_window_corner_cb,
          co_window_cross_4, co_window_broadway_a, serial_shops, shop,
          minivault_28, st_stairs_5
Elf:2:    nicolae_elf_blades_crystal_corner, layout_loops_ring,
          palyth_stone_intersect, evilmike_minifort, minmay_shop_grove,
          uniq_azrael, uniq_roxanne, uniq_donald, uniq_zenata
Elf:3:    minmay_elf_hall_furrowed, layout_loops_corners, serial_shops, shop,
          nicolae_elf_shapeshifter_party
Vaults:1: gammafunk_ghost_abyssal_escape, nicolae_vaults_diamond_2,
          nicolae_vaults_trapezoid_3, nicolae_vaults_windows_and_doors_thing,
          v_misc_23, nicolae_vaults_doubleplus_tesselated, vaults_dpeg_spiral,
          nicolae_vaults_trapezoid_layered, v_misc_12, vaults_room_fours,
          nicolae_vaults_specimen_jars, layout_vaults_omnicross

Skill      XL: |  1  2  3  4  5  6  7  8  9 10 11 12 13 14 15 16 17 18 19 20 |
---------------+-------------------------------------------------------------+-----
Throwing       | 2 3 7 |  7.5
Dodging        | 3 6 |  6.6
Axes           | 3 4 5 6 7 8 10 11 12 13 14 16 17 18 | 18.1
Fighting       | 3 4 5 7 8 9 10 11 13 14 15 16 18 19 20 | 20.6
Shields        | 1 3 4 5 7 8 9 10 11 12 14 15 | 15.2
Invocations    | 4 7 10 12 14 15 17 | 17.0
Armour         | 3 7 10 | 10.7

Action                     |  1- 3 |  4- 6 |  7- 9 | 10-12 | 13-15 | 16-18 | 19-21 || total
---------------------------+-------+-------+-------+-------+-------+-------+-------++-------
  Melee: War axe           |   115 |    69 |       |    52 |   314 |       |       ||   550
         Punch             |     1 |       |       |       |       |       |       ||     1
         Trident           |       |    20 |   491 |   698 |       |       |       ||  1209
         Broad axe         |       |       |       |       |   822 |  1233 |   887 ||  2942
  Throw: Throwing net      |       |     3 |     2 |       |       |       |       ||     5
 Invoke: Heroism           |       |       |       |     8 |     4 |     4 |     2 ||    18
         Finesse           |       |       |       |     2 |       |     1 |     2 ||     5
         Receive Weapon    |       |       |       |       |     1 |       |       ||     1
         Receive Armour    |       |       |       |       |     1 |       |       ||     1
  Evoke: Wand              |       |       |     2 |     4 |     1 |       |       ||     7
         Lightning rod     |       |       |       |       |       |       |     1 ||     1
    Use: Scroll            |       |       |    12 |     8 |    18 |    10 |     9 ||    57
         Potion            |       |       |     1 |     2 |     4 |     3 |     6 ||    16
   Stab: Held in net/web   |       |     2 |     1 |       |       |       |       ||     3
         Sleeping          |       |       |     2 |       |       |       |       ||     2
         Distracted        |       |       |       |       |     1 |       |       ||     1
         Invisible         |       |       |       |       |       |       |     7 ||     7
 Armour: Leather armour    |     7 |    37 |   262 |   432 |   255 |       |       ||   993
         Ring mail         |    74 |    23 |       |       |       |       |       ||    97
         Skin              |       |       |     5 |       |     3 |       |       ||     8
         Scale mail        |       |       |       |       |   396 |  1287 |   660 ||  2343
  Dodge: Dodged            |    73 |    62 |   240 |   257 |   281 |   455 |   254 ||  1622
  Block: Buckler           |       |       |   131 |   329 |    15 |       |       ||   475
         Reflection        |       |       |       |    21 |    13 |       |       ||    34
         Kite shield       |       |       |       |       |  1083 |  1218 |   531 ||  2832

Table legend: (Time is in decaauts)
 A = Elapsed time spent in this place.
 B = Non-inter-level travel time spent in this place.
 C = Inter-level travel time spent in this place.
 D = Time resting spent in this place.
 E = Time spent auto-exploring this place.
 F = Levels seen in this place.
 G = Mean time per level.
                   A        B        C        D        E       F      G
               +--------+--------+--------+--------+--------+-----+--------+
         Total |  46699 |  44177 |   2522 |  10262 |  23869 |  38 | 1228.9 |
       Dungeon |  19050 |  17857 |   1193 |   4500 |   9947 |  15 | 1270.0 |
        Temple |     24 |     12 |     12 |      0 |      0 |   1 |   24.0 |
          Lair |   4936 |   4493 |    443 |    631 |   2767 |   5 |  987.2 |
        Shoals |   5222 |   5052 |    170 |    955 |   2921 |   4 | 1305.5 |
   Spider Nest |   6386 |   6242 |    144 |   1407 |   3594 |   4 | 1596.5 |
  Orcish Mines |   3475 |   3085 |    390 |   1417 |   1006 |   2 | 1737.5 |
   Elven Halls |   4822 |   4654 |    168 |    767 |   2411 |   3 | 1607.3 |
        Vaults |   1205 |   1205 |      0 |    225 |    729 |   1 | 1205.0 |
         Sewer |    536 |    536 |      0 |     83 |    187 |   1 |  536.0 |
      Ice Cave |    473 |    473 |      0 |      0 |    218 |   1 |  473.0 |
       Volcano |    565 |    565 |      0 |    277 |     88 |   1 |  565.0 |
               +--------+--------+--------+--------+--------+-----+--------+

Top non-repeatable levels by time:
    D:11: 3396 daAuts
   Orc:2: 2161 daAuts
Spider:4: 2046 daAuts
   Elf:1: 1927 daAuts
    D:10: 1884 daAuts
  Lair:5: 1845 daAuts
Spider:3: 1816 daAuts
Shoals:4: 1734 daAuts
    D:12: 1576 daAuts
   Elf:2: 1503 daAuts
     D:9: 1451 daAuts
Shoals:2: 1447 daAuts
   Elf:3: 1390 daAuts
Spider:1: 1386 daAuts
     D:5: 1343 daAuts
